 Dungeon Crawl Stone Soup version 0.30.1-11-g7821555f0a (webtiles) character file.

Game seed: 7077426334075408768

100 Martska the Trooper (level 4, 36/36 HPs)
             Began as a Demonspawn Fighter on Dec 10, 2023.
             Quit the game on level 2 of the Dungeon.
             The game lasted 00:04:03 (1317 turns).

Martska the Trooper (Demonspawn Fighter)            Turns: 1317, Time: 00:04:03

Health: 36/36      AC:  9    Str: 16    XL:     4   Next: 46%
Magic:  6/6        EV:  9    Int: 14    God:
Gold:   113        SH:  4    Dex: 12    Spells: 5/5 levels left

rFire   . . .        n - +1 dagger (venom)
rCold   . . .        c - +0 buckler
rNeg    . . .        b - +0 scale mail
rPois   .            (no helmet)
rElec   .            (no cloak)
rCorr   .            j - +0 pair of gloves
SInv    .            i - +0 pair of boots
Will    .....        f - amulet of regeneration Stlth
                     (no ring)
HPRegen 1.06/turn    (no ring)
MPRegen 0.10/turn

%: no passive effects
@: no status effects
A: claws 1, big brain 1
a: no special abilities


You were on level 2 of the Dungeon.
You visited 1 branch of the dungeon, and saw 2 of its levels.

You collected 113 gold pieces.

Inventory:

Hand Weapons
 a - a +0 flail
 n - a +1 dagger of venom (weapon)
Armour
 b - a +0 scale mail (worn)
 c - a +0 buckler (worn)
 i - a +0 pair of boots (worn)
 j - a +0 pair of gloves (worn)
Magical Staves
 h - a staff of death
Jewellery
 f - an amulet of regeneration (around neck)
Scrolls
 e - a scroll of teleportation {unknown}
 g - a scroll of enchant weapon {unknown}
 k - a scroll of identify {unknown}
 l - a scroll of blinking {unknown}
 m - 2 scrolls of amnesia {unknown}
Potions
 d - a potion of might
 o - a potion of flight {unknown}


   Skills:
 * Level 3.6 Fighting
 - Level 1.7 Maces & Flails
 + Level 3.1 Armour
 * Level 1.7 Dodging
 + Level 3.0 Shields
 * Level 1.4 Spellcasting


You had 5 spell levels left.
You didn't know any spells.
Your spell library contained the following spells:

 Spells                   Type           Power      Damage    Failure   Level
 Freeze                   Ice            4%         1d3       75%         1
 Frozen Ramparts          Ice            2%         1d1       98%         3
 Hailstorm                Conj/Ice       1%         3d3       98%         3


Dungeon Overview and Level Annotations

Branches:
Dungeon (2/15)

Altars:

Shops:
D:1 (   D:2 (


Innate Abilities, Weirdness & Mutations

You have sharp fingernails.
You have an unusually large brain. (Int +2)


Message History

No target in view!
No target in view!
No target in view!
No target in view!
No target in view!
You see here a dart slug corpse.
You now have 113 gold pieces (gained 3).
You see here 4 poisoned darts.
You see here a frilled lizard corpse.
A quokka comes into view.
A quokka is nearby!
A quokka is nearby!
You hit the quokka.
The quokka is poisoned.
The quokka is severely wounded.
You block the quokka's attack.
You hit the quokka but do no damage.
The quokka is severely wounded.
The quokka bites you but does no damage.
You closely miss the quokka.
The quokka is almost dead.
You kill the quokka!
No target in view!
No target in view!
No target in view!
No target in view!
No target in view!
No target in view!
No target in view!
You see here a quokka corpse.
Done exploring.
Done exploring.
No target in view!
No target in view!
No target in view!
No target in view!
No target in view!
No target in view!
No target in view!
No target in view!
Are you sure you want to abandon this character and quit the game? (Confirm with "yes".)

#.####.##
###.##...#
###......####
###.....######.
#####....#### #..
#......### #.#
#.##..## ###.#
#.##.##### #....
#.@^.#...######..##
##........##.....#
##.#.......†.###.##
#................##
#..............####
#.<.#.......##.####
#..........###.....
####.......# #####.
#.......# ##


There were no monsters in sight!

Vanquished Creatures
  An orc priest (D:2)
  A worm (D:2)
  A dart slug (D:2)
  3 orcs (D:2)
  7 endoplasms
  3 giant cockroaches (D:2)
  4 goblins
  4 hobgoblins (D:1)
  2 jackals (D:1)
  5 kobolds
  5 quokkas
  6 ball pythons
  6 bats
  4 frilled lizards
  6 rats
58 creatures vanquished.

Notes
Turn   | Place    | Note
-------+----------+-------------------------------------------
     0 | D:1      | Martska the Demonspawn Fighter began the quest for the Orb.
     0 | D:1      | Reached XP level 1. HP: 18/18 MP: 1/1
    71 | D:1      | Gained mutation: You have an unusually large brain. (Int
                  | +2) [demonic ancestry]
    71 | D:1      | Reached XP level 2. HP: 9/24 MP: 2/2
    81 | D:1      | Reached skill level 1 in Dodging
   512 | D:1      | Found Rorph's Antique Weapon Shoppe.
   576 | D:1      | Reached XP level 3. HP: 29/29 MP: 3/3
   888 | D:2      | Reached skill level 1 in Spellcasting
   888 | D:2      | Gained mutation: You have sharp fingernails. [demonic
                  | ancestry]
   888 | D:2      | Reached XP level 4. HP: 32/35 MP: 3/5
  1119 | D:2      | Found Weabboumm's Antique Weapon Emporium.
  1317 | D:2      | Quit the game

Illustrated notes

Levels and vault maps discovered:
D:1:      dreamdust_arrival_sigmund_warning, layout_basic, serial_shops, shop
D:2:      layout_rooms, serial_shops, nicolae_shop_advertising_works
          [nicolae_subvault_shop_adworks]

Skill      XL: |  1  2  3 |
---------------+----------+-----
Dodging        | 1 |  1.7
Armour         | 3 |  3.1
Shields        | 3 |  3.0
Spellcasting   | 1 |  1.4
Fighting       | |  3.6
Maces & Flails | |  1.7

Action                     |  1- 3 |  4- 6 || total
---------------------------+-------+-------++-------
  Melee: Flail             |   110 |    20 ||   130
         Dagger            |       |    54 ||    54
 Armour: Scale mail        |    73 |    27 ||   100
  Dodge: Dodged            |    77 |    44 ||   121
  Block: Buckler           |    36 |    21 ||    57
